 Dungeon Crawl Stone Soup version 0.24.1-4-ge52af88ad5 (webtiles) character file.

Game seed: 4861170429866902980, levelgen mode: deterministic

5113 Gruesph the Basher (level 10, -10/79 HPs)
             Began as a Demonspawn Artificer on Apr 15, 2020.
             Was a Follower of Nemelex Xobeh.
             Mangled by a vampire (13 damage)
             ... on level 8 of the Dungeon.
             The game lasted 01:02:41 (11526 turns).

Gruesph the Basher (Demonspawn Artificer)          Turns: 11526, Time: 01:02:42

Health: -10/79     AC:  6    Str: 14    XL:     10   Next: 32%
Magic:  14/14      EV:  9    Int: 14    God:    Nemelex Xobeh [*.....]
Gold:   544        SH:  9    Dex: 14    Spells: 7/9 levels left

rFire    . . .     SeeInvis .   a - +0 flail
rCold    + . .     Gourm    .   E - +2 shield
rNeg     + + .     Faith    .   D - +2 robe "Xeih" {rPois rC+ rN+}
rPois    +         Spirit   .   l - +0 hat
rElec    .         Reflect  .   s - +0 cloak
rCorr    .         Harm     .   (no gloves)
MR       +....                  A - +0 pair of boots
Stlth    ++........             (no amulet)
HPRegen  0.23/turn              k - ring of positive energy
MPRegen  0.14/turn              v - ring of protection from magic

@: studying Dodging
A: antennae 2, powered by death 2, spiny 1
a: Draw Escape, Draw Destruction, Draw Summoning, Renounce Religion


You were on level 8 of the Dungeon.
You worshipped Nemelex Xobeh.
Nemelex Xobeh was aware of your devotion.
You were not hungry.

You visited 2 branches of the dungeon, and saw 10 of its levels.

You collected 544 gold pieces.

Inventory:

Hand Weapons
 a - a +0 flail (weapon)
 b - a +1 hunting sling
 z - a +2 short sword of venom
Missiles
 j - 362 stones
 B - 43 poisoned darts (quivered)
 M - 247 arrows
Armour
 l - a +0 hat (worn)
 s - a +0 cloak (worn)
 A - a +0 pair of boots (worn)
 D - the +2 robe "Xeih" (worn) {rPois rC+ rN+}
   (You found it on level 7 of the Dungeon)

   It protects you from cold.
   It protects you from poison.
   It protects you from negative energy.
 E - a +2 shield (worn)
Jewellery
 k - a ring of positive energy (left hand)
 v - a ring of protection from magic (right hand)
 F - an uncursed ring of flight
Wands
 d - a wand of enslavement (13)
 e - a wand of random effects (68)
 m - a wand of disintegration (11)
 w - a wand of flame (25)
 x - a wand of acid (7)
 N - a wand of paralysis (10)
Scrolls
 g - 2 scrolls of enchant weapon
 i - 2 scrolls of identify
 n - 3 scrolls of amnesia
 p - a scroll of silence
 r - 6 scrolls of remove curse
 y - a scroll of fog
 O - a scroll of enchant armour {unknown}
Potions
 c - 4 potions of curing
 h - a potion of heal wounds
 o - a potion of magic
 q - 3 potions of flight
 t - 2 potions of agility
 u - 2 potions of cancellation
 C - a potion of resistance {unknown}
 G - 2 potions of lignification
 H - a potion of invisibility {unknown}
 I - a potion of brilliance {unknown}
 L - a potion of degeneration {unknown}
Books
 J - a manual of Dodging
Comestibles
 f - 23 rations


   Skills:
 - Level 7.6 Fighting
 - Level 0.8 Short Blades
 + Level 9.2 Maces & Flails
 - Level 1.7 Dodging
 - Level 1.0 Stealth
 + Level 5.7 Transmutations
 - Level 3.5 Invocations
 - Level 6.0 Evocations


You had 7 spell levels left.
You knew the following spells:

 Your Spells              Type           Power        Failure   Level  Hunger
a - Sticks to Snakes      Tmut           ###.....     30%         2    ###....

Your spell library contained the following spells:

 Spells                   Type           Power        Failure   Level  Hunger
 Beastly Appendage        Tmut           ###...       21%         1    ##.....
 Spider Form              Tmut/Pois      #.........   88%         3    ####...
 Ice Form                 Ice/Tmut       #.......     99%         4    #####..
 Blade Hands              Tmut           ###.......   99%         5    ######.


Dungeon Overview and Level Annotations

Branches:
Dungeon (9/15)             Temple (1/1) D:5            Lair (0/6) D:9
    Orc: D:9-12

Altars:
Ashenzari
Cheibriados
Dithmenos
Elyvilon
Fedhas
Gozag
Hepliaklqana
Kikubaaqudgha
Makhleb
Nemelex Xobeh
Okawaru
Qazlal
Ru
Sif Muna
Trog
Uskayaw
Vehumet
Wu Jian
Yredelemnul
Zin
The Shining One

Annotations:
D:4 3 runed translucent doors, exclusion: statue, BuffBuff's ghost, amateur MiBe


Innate Abilities, Weirdness & Mutations

You have a pair of antennae on your head.
You regenerate health from kills.
You are partially covered in sharp spines.


Message History

You see here a quokka skeleton.
Unholy energy fills the air.
* * * LOW HITPOINT WARNING * * *
You climb upwards.
Reactivating autopickup.
There is a stone staircase leading down here.
Deactivating autopickup; reactivate with Ctrl-A.
You miss something. Something hits you but does no damage.
Something bites you but does no damage.
You hit something.
Unholy energy fills the air.
* * * LOW HITPOINT WARNING * * *
You barely miss something. Something hits you.
* * * LOW HITPOINT WARNING * * *
Something bites you!
* * * LOW HITPOINT WARNING * * *
Something draws strength from your injuries!
You hit something but do no damage. Something hits you but does no damage.
Something bites you!
You die...
Your body glows slightly and disappears.

### ##########
#.###### #........#
##.##.#.#####........#
#....#%#.#..#........#
#..##.#.#'..#........#
#..#.#.#%####........#
#..#######...........#
............#...@....#
..........###...{....#
..........# ##########
..........#
.........## ....#...##
.).##.### .))##.#
.)[##.#######


There were no monsters in sight!

Vanquished Creatures
  A centaur zombie (D:9)
  A hornet (D:8)
  Grinder (D:3)
  Prince Ribbit (D:6)
  A hippogriff (D:9)
  Eustachio (D:6)
  A golden eye (D:8)
  A soldier ant (D:8)
  A water moccasin (D:8)
  2 black bears
  A sky beast (D:7)
  An orc warrior (D:6)
  2 phantoms
  2 ogres
  3 centaurs
  Blork the orc (D:6)
  4 bullfrogs
  2 scorpions
  3 killer bees (D:9)
  5 wights
  A bullfrog zombie (D:9)
  2 crimson imps (D:9)
  6 orc wizards
  7 orc priests
  A bullfrog skeleton (D:8)
  2 centaur skeletons
  3 hounds
  A jelly (D:8)
  2 iguanas
  6 worker ants
  A killer bee zombie (D:5)
  A hound zombie (D:8)
  2 hound skeletons (D:8)
  10 gnolls
  10 adders
  2 shadow imps
  2 oozes
  2 adder zombies
  An adder skeleton (D:4)
  6 worms
  A dart slug (D:3)
  6 leopard geckos
  27 orcs
  3 giant cockroaches
  8 goblins
  4 hobgoblins
  13 jackals
  9 kobolds
  3 quokkas
  A ball python (D:1)
  10 bats
  6 frilled lizards
  A leopard gecko zombie (D:5)
  8 rats
203 creatures vanquished.

Vanquished Creatures (collateral kills)
  A centaur (D:5)
  2 bullfrogs (D:9)
  A scorpion (D:6)
  2 wights
  3 killer bees (D:9)
  An orc priest (D:9)
  A worker ant (D:5)
  An orc wizard (D:9)
  4 orcs
16 creatures vanquished.

Vanquished Creatures (others)
  A sky beast (D:7)
  A gnoll (D:2)
  A fungus (D:4)
  3 plants (D:4)
6 creatures vanquished.

Grand Total: 225 creatures vanquished

Notes
Turn   | Place    | Note
-------+----------+-------------------------------------------
     0 | D:1      | Gruesph the Demonspawn Artificer began the quest for the
                  | Orb.
     0 | D:1      | Reached XP level 1. HP: 15/15 MP: 3/3
    41 | D:1      | Reached skill level 1 in Stealth
   171 | D:1      | Gained mutation: You regenerate a little health from kills.
                  | [demonic ancestry]
   171 | D:1      | Reached XP level 2. HP: 9/21 MP: 4/4
  1295 | D:2      | Gained mutation: You regenerate health from kills. [demonic
                  | ancestry]
  1295 | D:2      | Reached XP level 3. HP: 27/27 MP: 5/5
  1604 | D:2      | Found an ancient bone altar of Kikubaaqudgha.
  1693 | D:2      | Found a hide-covered altar of Uskayaw.
  1716 | D:2      | Noticed a phantom
  1736 | D:2      | Killed a phantom
  1736 | D:2      | Reached XP level 4. HP: 12/35 MP: 5/7
  1736 | D:2      | Reached XP level 5. HP: 15/41 MP: 5/8
  2113 | D:2      | Found a sacrificial altar of Ru.
  2632 | D:2      | Reached skill level 5 in Evocations
  2926 | D:2      | Found an ornate altar of the Wu Jian Council.
  3069 | D:3      | Gained mutation: You have a pair of small antennae on your
                  | head. [demonic ancestry]
  3069 | D:3      | Reached XP level 6. HP: 29/48 MP: 9/9
  3449 | D:3      | Found a white marble altar of Elyvilon.
  3495 | D:3      | Found a snail-covered altar of Cheibriados.
  3602 | D:3      | Noticed Grinder
  3614 | D:3      | Paralysed by Grinder for 2 turns
  3619 | D:3      | Killed Grinder
  3619 | D:3      | Reached skill level 5 in Fighting
  3804 | D:3      | Reached XP level 7. HP: 45/56 MP: 11/11
  4271 | D:4      | Found a runed translucent gate.
  4271 | D:4      | Found a runed translucent gate.
  4271 | D:4      | Noticed BuffBuff's ghost (amateur MiBe)
  4272 | D:4      | Found a runed translucent gate.
  4969 | D:4      | Found a radiant altar of Vehumet.
  5108 | D:5      | Entered Level 5 of the Dungeon
  5501 | D:5      | Found a staircase to the Ecumenical Temple.
  5886 | D:5      | Found a radiant altar of Vehumet.
  6067 | Temple   | Entered the Ecumenical Temple
  6136 | Temple   | Became a worshipper of Nemelex Xobeh the Trickster
  6312 | D:5      | Gained mutation: You have a pair of antennae on your head.
                  | [demonic ancestry]
  6312 | D:5      | Reached XP level 8. HP: 25/67 MP: 12/12
  6555 | D:6      | Reached skill level 1 in Invocations
  6705 | D:6      | Received a gift from Nemelex Xobeh
  6788 | D:6      | Reached skill level 1 in Maces & Flails
  7054 | D:6      | Reached skill level 2 in Maces & Flails
  7410 | D:7      | Reached skill level 3 in Maces & Flails
  7515 | D:7      | Got an opalescent robe
  7670 | D:7      | Found an iron altar of Okawaru.
  7671 | D:7      | Found a bloodstained altar of Trog.
  7774 | D:7      | Reached skill level 4 in Maces & Flails
  7920 | D:6      | Noticed Blork the orc
  7938 | D:6      | Killed Blork the orc
  8096 | D:6      | Found a shimmering blue altar of Sif Muna.
  8103 | D:6      | Noticed Eustachio
  8111 | D:6      | Killed Eustachio
  8111 | D:6      | Reached skill level 5 in Maces & Flails
  8342 | D:5      | Gained mutation: You are partially covered in sharp spines.
                  | [demonic ancestry]
  8342 | D:5      | Reached XP level 9. HP: 35/72 MP: 13/13
  8343 | D:5      | Reached skill level 6 in Maces & Flails
  8597 | D:6      | Noticed Prince Ribbit
  8609 | D:6      | Killed Prince Ribbit
  8619 | D:6      | Reached skill level 7 in Maces & Flails
  8704 | D:6      | Learned a level 2 spell: Sticks to Snakes
  8717 | D:6      | Found an opulent altar of Gozag.
  8726 | D:6      | Reached * piety under Nemelex Xobeh
  8855 | D:6      | Found a glowing silver altar of Zin.
  9043 | D:6      | Identified the +2 robe "Xeih" {rPois rC+ rN+} (You found it
                  | on level 7 of the Dungeon)
  9330 | D:7      | Reached skill level 1 in Transmutations
 10282 | D:8      | Received a gift from Nemelex Xobeh
 10311 | D:8      | Reached skill level 8 in Maces & Flails
 10579 | D:8      | Found a sacrificial altar of Ru.
 10869 | D:9      | Reached XP level 10. HP: 62/79 MP: 14/14
 11140 | D:9      | Reached skill level 5 in Transmutations
 11248 | D:9      | Found a staircase to the Lair.
 11258 | D:9      | Reached skill level 9 in Maces & Flails
 11525 | D:8      | HP: 3/79 [something (8)]
 11526 | D:8      | Mangled by a vampire

Levels and vault maps discovered:
D:1:      dpeg_arrival_refuge, layout_loops_corners, minmay_tetromino_i4
D:2:      layout_loops_ring, old_standard_altar, nicolae_ru_path_of_blood,
          lemuel_coloured_pillars_altar, kiku_gazebo_pond_becter
D:3:      layout_loops_cross, kennysheep_slug_shrine, mrwooster_statue_mirror,
          elyvilon_altar_1, uniq_grinder
D:4:      layout_cave_pools, vehumet_statue, first_ration,
          gammafunk_ghost_nasty_kobolds
D:5:      layout_loops_cross, minmay_temple_entry_antechambers,
          corexii_checkpoint_b, vehumet_altar_wand_db
D:6:      layout_basic, lemuel_round_altar, zin_statuary, basic_altar,
          minmay_manual_mares, uniq_blork_the_orc, uniq_prince_ribbit1,
          uniq_eustachio
D:7:      layout_loops_cross, grunt_temple_overflow_bloody_war,
          chequers_serial_rivers_marsh, minmay_misc_feat_alley
D:8:      layout_rooms, basic_altar, hangedman_pestilent_swarm
D:9:      wander_kiku_kobolds, layout_loops_ring, lemuel_doored_altar,
          lair_entry_dummy
Temple:   cyrus_temple_forest

Skill      XL: |  1  2  3  4  5  6  7  8  9 10 |
---------------+-------------------------------+-----
Stealth        | 1 |  1.0
Fighting       | 2 3 4 5 7 |  7.6
Evocations     | 4 5 6 |  6.0
Invocations    | 3 |  3.5
Maces & Flails | 5 8 9 |  9.2
Transmutations | 4 5 |  5.7
Short Blades   | |  0.8
Dodging        | |  1.7

Action                   |  1- 3 |  4- 6 |  7- 9 | 10-12 || total
-------------------------+-------+-------+-------+-------++-------
Melee: Short sword       |    42 |     8 |   115 |       ||   165
       Hunting sling     |       |     4 |       |       ||     4
       Flail             |       |       |   312 |    82 ||   394
 Fire: Hunting sling     |   103 |   234 |    45 |       ||   382
Throw: Dart              |       |       |    17 |       ||    17
 Abil: Draw Destruction  |       |       |     5 |     1 ||     6
       Draw Summoning    |       |       |     4 |     2 ||     6
Evoke: Wand              |     8 |    10 |    28 |     1 ||    47
  Use: Scroll            |       |       |    17 |       ||    17
 Stab: Paralysed         |       |       |     4 |       ||     4
       Sleeping          |       |       |       |     1 ||     1
  Eat: Ration            |     1 |       |     3 |       ||     4
       Chunk             |       |     5 |    13 |     2 ||    20
Armor: Leather armour    |    15 |       |       |       ||    15
       Ring mail         |     3 |    44 |   115 |       ||   162
       Robe              |       |       |    50 |    23 ||    73
Dodge: Dodged            |    48 |    83 |   278 |    25 ||   434
Block: Shield            |       |       |    65 |    36 ||   101
